 Dungeon Crawl Stone Soup version 0.31-a0-1059-g83d41fd8b6 (webtiles) character file.

Game seed: 4564860406572641109

2736001 Anon1729 the Slayer (level 26, 256/256 HPs)
             Began as a Minotaur Monk on Nov 21, 2023.
             Was the Champion of Qazlal.
             Escaped with the Orb
             ... and 4 runes on Nov 22, 2023!
             The game lasted 01:36:24 (54341 turns).

Anon1729 the Slayer (Minotaur Monk)                Turns: 54341, Time: 01:36:24

Health: 256/256    AC: 38    Str: 28    XL:     26   Next: 86%
Magic:  37/37      EV: 24    Int:  5    God:    Qazlal [******]
Gold:   2665       SH: 46    Dex: 21    Spells: 25/25 levels left

rFire   + + .        U - +9 broad axe (spect)
rCold   + . .        R - +8 tower shield {rC+}
rNeg    . . .        O - +8 chain mail "Upuatsox" {rF+ Will+ Regen+}
rPois   +            J - +2 hat
rElec   .            D - +2 cloak {Stlth+}
rCorr   .            F - +0 pair of gloves
SInv    +            m - +2 pair of boots {Fly}
Will    ++...        a - amulet of the Evil One {Reflect rPois Dex+4 SH+5} Stlth
                     k - ring of see invisible
HPRegen 1.42/turn    N - ring of Oholuxirch {rF+ Str+4 Int-2}
MPRegen 0.25/turn

%: repel missiles, reflection
@: flying, studying 2 skills
A: horns 2, retaliatory headbutt, iridescent scales 2
0: Orb of Zot
}: 4/15 runes: decaying, serpentine, slimy, silver
a: Renounce Religion, Upheaval, Elemental Force, Disaster Area


You escaped.
You worshipped Qazlal.
Qazlal was exalted by your worship.
You visited 11 branches of the dungeon, and saw 53 of its levels.
You visited 2 bazaars.
You also visited: Ossuary, Ice Cave and Wizlab.

You collected 8654 gold pieces.
You spent 5989 gold pieces at shops.

Inventory:

Hand Weapons
 U - a +9 spectral broad axe (weapon)
Missiles
 B - 2 throwing nets
Armour
 m - a +2 pair of boots of flying (worn)
 q - a +0 kite shield of reflection
 D - a +2 cloak of stealth (worn)
 F - a +0 pair of gloves (worn)
 J - a +2 hat (worn)
 O - the +8 chain mail "Upuatsox" (worn) {rF+ Will+ Regen+}
   (You took it off a wight on level 9 of the Dungeon)

   rF+:       It protects you from fire.
   Will+:     It increases your willpower.
   Regen+:    It increases your rate of health regeneration.
 R - a +8 tower shield of cold resistance (worn)
Jewellery
 a - the amulet of the Evil One (around neck) {Reflect rPois Dex+4 SH+5}
   (You took it off a yaktaur on level 1 of the Vaults)

   [amulet of reflection]

   Reflect:   It reflects blocked missile attacks.
   Dex+4:     It affects your dexterity (+4).
   rPois:     It protects you from poison SH+5: It affects your SH (+5).
 k - a ring of see invisible (left hand)
 l - a ring of resist corrosion
 s - a ring of positive energy
 y - a ring of protection from cold
 z - the amulet of Day {Faith Drain rElec rC++ Regen+}
   (You bought it in a shop on level 2 of the Elven Halls)

   [amulet of faith]

   Faith:     It allows you to gain divine favour quickly.
   rC++:      It greatly protects you from cold.
   rElec:     It insulates you from electricity.
   Regen+:    It increases your rate of health regeneration.
   Drain:     It drains your maximum health when unequipped.
 C - the ring "Nuiq" {EV+5 Dex+3}
   (You found it on level 5 of the Dungeon)

   [ring of evasion]

   EV+5:      It affects your evasion (+5).
   Dex+3:     It affects your dexterity (+3).
 E - a ring of willpower
 N - the ring of Oholuxirch (right hand) {rF+ Str+4 Int-2}
   (You found it on level 5 of the Pits of Slime)

   [ring of protection from fire]

   Str+4:     It affects your strength (+4).
   Int-2:     It affects your intelligence (-2).
   rF+:       It protects you from fire.
 P - the ring "Purif" {Ice rElec rN+ Int-4}
   (You found it on level 3 of the Elven Halls)

   [ring of ice]

   Ice:       It enhances your ice magic.
   Int-4:     It affects your intelligence (-4).
   rF-:       It makes you vulnerable to fire.
   rC+:       It protects you from cold.
   rElec:     It insulates you from electricity.
   rN+:       It protects you from negative energy.
 S - a ring of protection from fire
 X - a ring of positive energy
Wands
 f - a wand of acid (23)
 t - a wand of flame (175)
 u - a wand of charming (55)
 Q - a wand of iceblast (60)
 Z - a wand of digging (8)
Scrolls
 b - 6 scrolls of immolation
 h - 10 scrolls of blinking
 n - 36 scrolls of teleportation
 v - 9 scrolls of fear
 A - 9 scrolls of poison
 G - 12 scrolls of fog
 H - 3 scrolls of revelation
 M - 8 scrolls of vulnerability
 V - 5 scrolls of silence
Potions
 c - 6 potions of ambrosia
 e - 8 potions of enlightenment
 g - 7 potions of attraction
 i - 3 potions of cancellation
 j - 8 potions of heal wounds
 p - 9 potions of lignification
 w - 7 potions of magic
 x - 27 potions of curing
 I - 6 potions of might
 K - 3 potions of invisibility
 L - 5 potions of berserk rage
 T - 9 potions of haste
 Y - a potion of resistance
Miscellaneous
 d - a condenser vane
 o - a box of beasts
 r - a lightning rod (4/4)


   Skills:
 + Level 24.6 Fighting
 + Level 24.5 Axes
 + Level 19.4 Armour
 + Level 22.3 Dodging
 + Level 23.6 Shields
 * Level 23.2 Invocations


You had 25 spell levels left.
You didn't know any spells.
Your spell library contained the following spells:

 Spells                   Type           Power      Damage    Failure   Level
 Apportation              Tloc           0%         N/A       86%         1
 Foxfire                  Conj/Fire      0%         2x1d4     86%         1
 Freeze                   Ice            0%         1d3       86%         1
 Kiss of Death            Conj/Necr      0%         2d5       86%         1
 Magic Dart               Conj           0%         1d3       86%         1
 Necrotise                Necr           0%         1d4       86%         1
 Sandblast                Erth           0%         2d4       86%         1
 Shock                    Conj/Air       0%         1d3       86%         1
 Summon Small Mammal      Summ           0%         N/A       86%         1
 Blink                    Tloc           0%         N/A       94%         2
 Cigotuvi's Dreadful Rot  Necr/Pois/Air  0%         N/A       94%         2
 Ensorcelled Hibernation  Hex/Ice        0%         N/A       94%         2
 Jinxbite                 Hex            0%         N/A       94%         2
 Lesser Beckoning         Tloc           0%         N/A       94%         2
 Momentum Strike          Conj/Tloc      0%         3d8       94%         2
 Passwall                 Tmut/Erth      0%         N/A       94%         2
 Poisonous Vapours        Pois/Air       0%         N/A       94%         2
 Scorch                   Fire           0%         2d5       94%         2
 Searing Ray              Conj           0%         2d4       94%         2
 Static Discharge         Conj/Air       0%         3-3/arc   94%         2
 Sublimation of Blood     Necr           0%         N/A       94%         2
 Wereblood                Tmut           0%         N/A       94%         2
 Dazzling Flash           Conj/Hex       0%         N/A       99%         3
 Frozen Ramparts          Ice            0%         1d1       99%         3
 Gell's Gravitas          Tloc           0%         N/A       99%         3
 Hailstorm                Conj/Ice       0%         3d3       99%         3
 Ignite Poison            Fire/Tmut/Pois 0%         N/A       99%         3
 Inner Flame              Hex/Fire       0%         N/A       99%         3
 Mephitic Cloud           Conj/Pois/Air  0%         N/A       99%         3
 Ozocubu's Armour         Ice            0%         N/A       99%         3
 Stone Arrow              Conj/Erth      0%         3d7       99%         3
 Summon Guardian Golem    Hex/Summ       0%         N/A       99%         3
 Swiftness                Air            0%         N/A       99%         3
 Teleport Other           Tloc           0%         N/A       99%         3
 Vampiric Draining        Necr           0%         2d6       99%         3
 Airstrike                Air            0%         2d(0-16)  100%        4
 Animate Armour           Summ/Erth      0%         N/A       100%        4
 Animate Dead             Necr           0%         N/A       100%        4
 Brom's Barrelling Bould  Conj/Erth      0%         2d3       100%        4
 Cause Fear               Hex            0%         N/A       100%        4
 Dimensional Bullseye     Hex/Tloc       0%         N/A       100%        4
 Flame Wave               Conj/Fire      0%         2d4       100%        4
 Fulminant Prism          Conj/Hex       0%         3d5       100%        4
 Leda's Liquefaction      Hex/Erth       0%         N/A       100%        4
 Manifold Assault         Tloc           0%         N/A       100%        4
 Passage of Golubria      Tloc           0%         N/A       100%        4
 Petrify                  Tmut/Erth      0%         N/A       100%        4
 Sticky Flame             Conj/Fire      0%         2d3       100%        4
 Summon Ice Beast         Ice/Summ       0%         N/A       100%        4
 Summon Lightning Spire   Summ/Air       0%         N/A       100%        4
 Vhi's Electric Charge    Tloc/Air       0%         N/A       100%        4
 Agony                    Necr           0%         N/A       100%        5
 Alistair's Intoxication  Tmut/Pois      0%         N/A       100%        5
 Fireball                 Conj/Fire      0%         3d3       100%        5
 Freezing Cloud           Conj/Ice/Air   0%         6-21      100%        5
 Iskenderun's Battlesphe  Conj           0%         2d6       100%        5
 Lee's Rapid Deconstruct  Erth           0%         3d4*      100%        5
 Metabolic Englaciation   Hex/Ice        0%         N/A       100%        5
 Silence                  Hex/Air        0%         N/A       100%        5
 Summon Forest            Summ/Tloc      0%         N/A       100%        5
 Summon Mana Viper        Hex/Summ       0%         N/A       100%        5
 Yara's Violent Unravell  Hex/Tmut       0%         3d3       100%        5
 Bombard                  Conj/Erth      0%         9d1       100%        6
 Conjure Ball Lightning   Conj/Air       0%         3x3d6     100%        6
 Plasma Beam              Fire/Air       0%         2x1d10    100%        6
 Simulacrum               Ice/Necr       0%         N/A       100%        6
 Starburst                Conj/Fire      0%         6d3       100%        6
 Summon Cactus Giant      Summ           0%         N/A       100%        6
 Enfeeble                 Hex            0%         N/A       100%        7
 Haunt                    Necr/Summ      0%         N/A       100%        7
 Malign Gateway           Summ/Tloc      0%         N/A       100%        7
 Monstrous Menagerie      Summ           0%         N/A       100%        7
 Orb of Destruction       Conj           0%         9d5       100%        7
 Spellforged Servitor     Conj/Summ      0%         N/A       100%        7
 Summon Hydra             Summ           0%         N/A       100%        7
 Disjunction              Tloc           0%         N/A       100%        8
 Infestation              Necr           0%         N/A       100%        8
 Lehudib's Crystal Spear  Conj/Erth      0%         10d2      100%        8
 Summon Horrible Things   Summ           0%         N/A       100%        8
 Death's Door             Necr           0%         N/A       100%        9
 Dragon's Call            Summ           0%         N/A       100%        9


Dungeon Overview and Level Annotations

Branches:
Dungeon (15/15)            Temple (1/1) D:6            Lair (5/5) D:10
  Swamp (4/4) Lair:2        Snake (4/4) Lair:2        Slime (5/5) Lair:4
    Orc (2/2) D:11            Elf (3/3) Orc:2        Vaults (5/5) D:14
  Crypt (0/3) Vaults:2     Depths (4/4) D:15            Zot (5/5) Depths:4
Ossuary (visited)           IceCv (visited)          WizLab (visited)

Altars:
Ashenzari
Cheibriados
Dithmenos
Elyvilon
Fedhas
Gozag
Hepliaklqana
Kikubaaqudgha
Makhleb
Nemelex Xobeh
Okawaru
Qazlal
Ru
Sif Muna
Trog
Uskayaw
Vehumet
Wu Jian
Xom
Yredelemnul
Zin
The Shining One
Jiyva

Shops:
D:3 (   D:10 ?=*=   Orc:2 :(*[   Elf:1 [[:   Elf:2 =::   Snake:1 [=:
Snake:4 (   Vaults:1 !   Vaults:2 ?:*   Depths:1 !*:*

Portals:
Hell: Depths:1 Depths:2 Depths:3 Depths:4
Abyss: Depths:2 Depths:3 Depths:4
Pandemonium: Depths:2 Depths:4
Ziggurat: Depths:4

Annotations:
D:3 Grinder
Orc:2 3 runed translucent doors, Scuka's ghost, journeyman MiBe


Innate Abilities, Weirdness & Mutations

You have a pair of horns on your head.
You reflexively headbutt those who attack you in melee.
You are mostly covered in iridescent scales. (AC +4)


Message History

The lorocyproca is severely wounded.
Your +9 spectral broad axe hits the lorocyproca!
Your +9 spectral broad axe is engulfed in freezing vapours.
You chop the demonspawn black sun into pieces!!!
You headbutt the demonspawn black sun.
The demonspawn black sun is heavily wounded.
Your +9 spectral broad axe hits the demonspawn black sun!
You slash the demonspawn black sun!
Your headbutt misses the demonspawn black sun.
The demonspawn black sun is almost dead.
Your +9 spectral broad axe hits the demonspawn black sun!!
You kill the demonspawn black sun!
Qazlal accepts your kill.
You slash the lorocyproca!
You kill the lorocyproca!
Qazlal accepts your kill.
Your +9 spectral broad axe disappears.
No target in view!
No target in view!
No target in view!
No target in view!
No target in view!
What level of the Dungeon? (default 1, ? - help)
You fly upwards.
There is a stone staircase leading down here.
There is a stone staircase leading up here.
You fly upwards.
There is a stone staircase leading down here.
What level of the Dungeon? (default 1, ? - help)
A ynoxinul comes into view.
You open the ynoxinul like a pillowcase!!!
You kill the ynoxinul!
Qazlal accepts your kill.
No target in view!
What level of the Dungeon? (default 1, ? - help)
You see here a +0 club.
There is an open door here.
There is a staircase leading out of the dungeon here.
You can't go down here!
You have escaped!

########## #........# #########
#........# #...@...# #........#
#8.§○.°8# #....#####
##○..○§########### #....#
#..8.8..'........#### #....#####
##.....########......
#........####.....#.........####
#...........#.8.8.#.........#
#......)....#.....#.........##
#########...#.....#######....#


There were no monsters in sight!

Vanquished Creatures
  the Royal Jelly (Slime:5)
  2 dread liches
  2 ancient liches
  2 orbs of fire (Zot:5)
  Mara (Swamp:4)
  Sojobo (Depths:4)
  Boris (twice) (Vaults:3 Depths:2)
  A juggernaut (Depths:2)
  Saint Roka (Snake:3)
  A shard shrike (Zot:2)
  An antique champion (WizLab)
  Margery (Vaults:2)
  Parghit (Zot:2)
  8 Killer Klowns
  Xtahua (Depths:3)
  Nikola (Swamp:4)
  12 golden dragons
  3 bone dragons
  2 doom hounds (Depths:2)
  the Enchantress (Depths:2)
  A Tzitzimitl (Depths:2)
  An electric golem (Zot:5)
  16 tentacled monstrosities
  Jorgrun (Swamp:2)
  An Ice Fiend (IceCv)
  Mlioglotl (Swamp:3)
  Rupert (Lair:3)
  5 titans
  2 liches (WizLab)
  3 quicksilver dragons
  A walking earthen tome (Depths:3)
  Grunn (Depths:2)
  2 deep elf master archers (Elf:2)
  26 Orb Guardians
  6 sphinxes
  3 deep elf blademasters
  11 death cobs
  25 acid blobs
  Agnes (D:15)
  An ancient champion (WizLab)
  The ghost of Gokhumny the Blocker, an adept GnFi of Okawaru (Swamp:2)
  The ghost of Armakuni the Thaumaturge, an adept GnCj of Vehumet (Snake:2)
  A thorn hunter (Swamp:4)
  Roxanne (D:15)
  Aizul (Snake:3)
  14 shadow dragons
  13 tengu reavers
  Kirke (Swamp:2)
  Donald (Snake:3)
  11 nagarajas
  9 storm dragons
  4 draconian monks
  12 azure jellies
  4 draconian knights
  13 rockslimes
  9 fire giants
  An iron dragon (Depths:3)
  2 fenstrider witches (Swamp:4)
  5 draconian scorchers
  15 vault wardens
  The ghost of Unotosimoa the Bludgeoner, an adept GrFi of Gozag (Snake:3)
  5 deep elf sorcerers
  A ghost moth (shapeshifter) (Vaults:5)
  Louise (Depths:4)
  10 frost giants
  A balrug (Depths:2)
  A ghost moth (Zot:3)
  5 draconian annihilators
  4 deep elf elementalists (Elf:3)
  A draconian stormcaller (Zot:1)
  An orc warlord (Vaults:2)
  13 quicksilver oozes
  A juggernaut zombie (WizLab)
  12 formless jellyfish
  4 spriggan defenders (Depths:2)
  6 draconian shifters
  15 ironbound preservers
  12 very ugly things
  A reaper (Depths:2)
  5 ironbound thunderhulks
  2 ghouls (WizLab)
  3 war gargoyles
  A juggernaut skeleton (WizLab)
  5 vampire knights
  8 green draconians
  8 black draconians
  3 deep elf demonologists (Elf:2)
  3 eleionomae
  17 stone giants
  3 bunyips
  A lorocyproca (D:3)
  11 red draconians
  3 dire elephants (Vaults:1)
  A demonspawn black sun (D:3)
  2 spark wasps
  9 deep elf annihilators
  3 white draconians
  13 purple draconians
  10 yellow draconians
  An ettin (shapeshifter) (Depths:2)
  13 ettins
  A green death (Depths:1)
  A crystal guardian (Vaults:1)
  2 blizzard demons
  An entropy weaver (shapeshifter) (Depths:3)
  A shambling mangrove (Swamp:4)
  8 deep elf death magi
  An eidolon (Depths:2)
  An entropy weaver (Vaults:4)
  8 fire dragons
  10 yaktaur captains
  2 rakshasas
  27 vault guards
  2 juggernaut simulacra (WizLab)
  A spriggan zombie (Depths:3)
  14 great orbs of eyes
  A salamander tyrant (Snake:2)
  28 hydras
  12 ice dragons
  A spriggan skeleton (Depths:3)
  A peacekeeper (Vaults:1)
  8 spriggan air magi
  An alligator (shapeshifter) (Vaults:5)
  4 caustic shrike simulacra
  15 two-headed ogres
  7 ogre magi
  A hell beast (Depths:2)
  6 centaur warriors
  A catoblepas (shapeshifter) (Depths:4)
  6 alligators
  27 dancing weapons
  5 boulder beetles
  20 naga warriors
  5 ironbound frosthearts
  5 tengu warriors
  5 anacondas
  3 deep troll shamans
  An orc high priest (Orc:1)
  A vampire mage (Depths:2)
  6 deep troll earth magi
  6 shock serpents
  4 spriggan berserkers
  6 hell knights
  2 occultists
  17 deep elf knights
  A soul eater (Depths:4)
  14 naga sharpshooters
  A skyshark (Lair:2)
  6 iron trolls
  2 sixfirhies
  4 goliath frogs
  A sea snake (shapeshifter) (Depths:1)
  A deep troll (shapeshifter) (Vaults:5)
  5 skeletal warriors (WizLab)
  A shadow wraith (Vaults:5)
  A death drake (shapeshifter) (Vaults:5)
  3 salamander mystics
  27 deep trolls
  9 swamp dragons
  A golden dragon zombie (WizLab)
  4 spriggan druids
  7 spriggan simulacra
  8 bog bodies
  4 arcanists
  A flayed ghost (Depths:2)
  An obsidian statue (IceCv)
  A sea snake (Snake:1)
  6 naga ritualists
  22 deep elf archers
  11 ironbound convokers
  4 glowing orange brains
  7 phantasmal warriors
  10 orc knights
  6 necromancers
  A golden dragon skeleton (Depths:3)
  35 deep elf zephyrmancers
  8 shining eyes
  A wolf spider (Vaults:5)
  19 deep elf pyromancers
  19 lindwurms
  8 mana vipers
  A wolf spider (shapeshifter) (Vaults:5)
  31 ugly things
  5 orc sorcerers
  An oklob plant (Lair:5)
  2 stone giant zombies
  2 manticores (shapeshifter)
  2 cyclopes
  4 will-o-the-wisps
  A faun (shapeshifter) (Vaults:5)
  11 guardian serpents
  5 manticores
  8 elephants
  17 salamanders
  22 moths of wrath
  3 eyes of devastation
  13 naga magi
  162 slime creatures
  A water nymph (shapeshifter) (Vaults:5)
  5 torpor snails (Lair:5)
  40 black mambas
  A stone giant skeleton (WizLab)
  A torpor snail (shapeshifter) (Vaults:5)
  An unseen horror (shapeshifter) (D:15)
  A smoke demon (Depths:4)
  A gargoyle (D:14)
  8 cane toads
  A hellion (Depths:4)
  27 vault sentinels
  16 komodo dragons
  25 yaktaurs
  3 efreet
  An unseen horror (D:12)
  4 freezing wraiths
  10 rime drakes
  2 tormentors (Depths:2)
  3 anaconda simulacra (IceCv)
  7 ice devils (IceCv)
  12 trolls
  10 tyrant leeches
  A golden dragon simulacrum (IceCv)
  A hornet (shapeshifter) (Elf:3)
  23 hornets
  3 polar bears
  17 blink frogs
  4 meliai
  4 dream sheep (Lair:5)
  A glass eye (Slime:4)
  A stone giant simulacrum (WizLab)
  A dream sheep (shapeshifter) (Elf:3)
  Sigmund (D:3)
  An ettin skeleton (WizLab)
  2 air elementals (Elf:2)
  A shadow (D:10)
  5 water elementals
  A wraith (D:13)
  14 spriggans
  14 wyverns
  2 vampires
  A ynoxinul (D:1)
  6 fire elementals
  65 yaks
  15 basilisks
  A fire bat (shapeshifter) (Depths:2)
  A redback (Vaults:4)
  21 vampire mosquitoes
  11 golden eyes
  10 minotaur simulacra (IceCv)
  4 steam dragons
  Menkaure (D:6)
  A human simulacrum (Vaults:3)
  An ogre zombie (Vaults:3)
  15 swamp worms
  A harpy simulacrum (IceCv)
  33 nagas
  2 acid dragons
  3 wargs
  A hydra simulacrum (IceCv)
  A two-headed ogre skeleton (WizLab)
  20 water moccasins
  A swamp dragon zombie (WizLab)
  56 orc warriors
  2 ice beasts (D:7)
  2 deep troll skeletons (WizLab)
  17 ogres
  8 swamp drakes
  10 wolves
  An ettin simulacrum (WizLab)
  18 centaurs
  4 phantoms
  6 kobold brigands
  9 bullfrogs
  A glowing shapeshifter simulacrum (Vaults:3)
  3 cyclops zombies (WizLab)
  11 deep troll simulacra
  2 gnoll sergeants (D:11)
  13 scorpions
  An earth elemental (Elf:2)
  A two-headed ogre simulacrum (WizLab)
  A cyclops skeleton (WizLab)
  8 wights
  3 lindwurm simulacra (IceCv)
  38 killer bees
  3 electric eels
  6 howler monkeys
  3 centaur zombies (Ossuary)
  3 hounds
  2 human zombies (Ossuary)
  20 orc priests
  Crazy Yiuf (D:6)
  3 gnoll boudas
  9 jellies
  3 sleepcaps (D:6)
  12 iguanas
  26 orc wizards
  8 hell rats (Lair:4)
  4 scorpion zombies (Ossuary)
  3 mummies (Ossuary)
  22 gnolls
  9 adders
  2 ufetubi (D:5)
  6 worms
  3 dart slugs
  75 orcs
  2 bats (D:1)
  8 endoplasms
  4 giant cockroaches
  3 gnoll zombies (Ossuary)
  6 goblins
  A hobgoblin (D:2)
  5 jackals
  11 kobolds
  3 quokkas
  14 ball pythons
  2 frilled lizards (D:1)
  2 goblin zombies (Ossuary)
  3 hobgoblin zombies (Ossuary)
  3 kobold zombies (Ossuary)
  2 orc zombies (Ossuary)
  9 rats
  9 spectral weapons
2345 creatures vanquished.

Vanquished Creatures (collateral kills)
  An antique champion (WizLab)
  An acid blob (Slime:5)
  An iron dragon (Depths:2)
  A slime creature (Slime:5)
  A will-o-the-wisp (Lair:2)
  A cane toad (Lair:2)
  A wyvern (D:10)
  A yak (D:10)
  2 water moccasins
10 creatures vanquished.

Vanquished Creatures (others)
  An electric golem (Zot:5)
  A deep elf annihilator (Elf:3)
  A two-headed ogre (D:10)
  A warg (Vaults:5)
  An orc warrior (Orc:2)
  An orc (Orc:2)
  14 foxfires
  114 spectral weapons
134 creatures vanquished.

Grand Total: 2489 creatures vanquished

Notes
Turn   | Place    | Note
-------+----------+-------------------------------------------
     0 | D:1      | Anon1729 the Minotaur Monk began the quest for the Orb.
     0 | D:1      | Reached XP level 1. HP: 19/19 MP: 0/0
    18 | D:1      | You fall into a shaft and drop 1 floor!
   179 | D:2      | Found a stormy altar of Qazlal.
   179 | D:2      | Found a faded altar of an unknown god.
   251 | D:2      | Reached XP level 2. HP: 27/27 MP: 1/1
   280 | D:2      | Became a worshipper of Qazlal Stormbringer
   280 | D:2      | Reached * piety under Qazlal
   280 | D:2      | Reached ** piety under Qazlal
   595 | D:2      | Reached XP level 3. HP: 25/33 MP: 2/2
  1213 | D:3      | Reached XP level 4. HP: 41/41 MP: 3/3
  1316 | D:3      | Found Tyefeori's Weapon Shoppe.
  1330 | D:3      | Identified the +2 plate armour of Minor Irritation {rPois}
  1348 | D:3      | Noticed Grinder
  1568 | D:3      | Noticed Sigmund
  1584 | D:3      | Killed Sigmund
  1584 | D:3      | Reached *** piety under Qazlal
  1585 | D:3      | Reached skill level 5 in Fighting
  1585 | D:3      | Reached skill level 5 in Axes
  1585 | D:3      | Reached XP level 5. HP: 40/48 MP: 4/4
  1683 | D:3      | Reached skill level 5 in Dodging
  1683 | D:3      | Reached XP level 6. HP: 56/56 MP: 5/5
  1784 | D:3      | Found an ornate altar of the Wu Jian Council.
  1785 | D:3      | Found an ancient bone altar of Kikubaaqudgha.
  1790 | D:3      | Found a snail-covered altar of Cheibriados.
  1791 | D:3      | Found a sparkling altar of Nemelex Xobeh.
  1791 | D:3      | Found a basalt altar of Yredelemnul.
  1792 | D:3      | Found a hide-covered altar of Uskayaw.
  1793 | D:3      | Found a shadowy altar of Dithmenos.
  2030 | D:3      | Found a blossoming altar of Fedhas.
  2030 | D:3      | Found an opulent altar of Gozag.
  2192 | D:4      | Reached skill level 1 in Shields
  2495 | D:4      | Reached XP level 7. HP: 50/63 MP: 6/6
  2907 | D:5      | Entered Level 5 of the Dungeon
  3111 | D:5      | Reached **** piety under Qazlal
  3133 | D:5      | Found a glowing silver altar of Zin.
  3188 | D:5      | Found a sand-covered staircase.
  3274 | Ossuary  | Entered an ossuary
  3362 | Ossuary  | Reached XP level 8. HP: 73/73 MP: 7/7
  3559 | Ossuary  | Reached skill level 5 in Shields
  3882 | D:5      | Reached XP level 9. HP: 73/81 MP: 8/8
  3916 | D:5      | Identified the ring "Nuiq" {EV+5 Dex+3}
  4459 | D:6      | Found a staircase to the Ecumenical Temple.
  4505 | D:6      | Noticed Menkaure
  4513 | D:6      | Killed Menkaure
  4628 | Temple   | Entered the Ecumenical Temple
  5594 | D:6      | Found a runed translucent door.
  5595 | D:6      | Noticed Crazy Yiuf
  5604 | D:6      | Killed Crazy Yiuf
  5616 | D:6      | Identified the +2 hammer of Regriaff {drain, rF+ Dex+3
                  | Stlth+}
  5948 | D:7      | Reached ***** piety under Qazlal
  5952 | D:7      | Reached XP level 10. HP: 92/92 MP: 9/9
  6196 | D:7      | Identified the +2 sling of Evil {elec, Will+ Int+2 Dex-5
                  | Stlth+}
  6622 | D:8      | Found a broken altar of Ashenzari.
  7044 | D:8      | Reached skill level 10 in Fighting
  7044 | D:8      | Found an iron altar of Okawaru.
  7054 | D:8      | Reached skill level 10 in Axes
  7383 | D:9      | Found a bloodstained altar of Trog.
  7429 | D:9      | Identified the +7 arbalest of Victory {penet, Int+4}
  7502 | D:9      | Identified the +8 chain mail "Upuatsox" {rF+ Will+ Regen+}
  7566 | D:9      | Identified the +6 falchion "Ushroits" {flame, rElec rN+}
  7581 | D:9      | Noticed a two-headed ogre
  7603 | D:9      | Killed a two-headed ogre
  7935 | D:9      | Found a radiant altar of Vehumet.
  8073 | D:9      | Reached skill level 10 in Dodging
  8111 | D:9      | Reached XP level 11. HP: 88/102 MP: 10/10
  8473 | D:10     | Entered Level 10 of the Dungeon
  8483 | D:10     | Noticed a two-headed ogre
  8492 | D:10     | Noticed a cyan ugly thing
  8500 | D:10     | Killed a cyan ugly thing
  8549 | D:10     | Found a staircase to the Lair.
  8561 | D:10     | Reached skill level 10 in Shields
  8674 | D:10     | Found a shimmering altar of Xom.
  8726 | D:10     | Found Fereipp's General Store.
  8729 | D:10     | Bought a potion of berserk rage for 65 gold pieces
  8729 | D:10     | Bought a potion of cancellation for 104 gold pieces
  8729 | D:10     | Bought a scroll of teleportation for 39 gold pieces
  8729 | D:10     | Bought a scroll of vulnerability for 52 gold pieces
  8729 | D:10     | Bought a scroll of identify for 26 gold pieces
  8729 | D:10     | Bought a scroll of identify for 26 gold pieces
  8729 | D:10     | Bought a potion of might for 52 gold pieces
  8837 | D:10     | Found Ylounoh's Jewellery Emporium.
  8914 | D:10     | Found Kiazxowu's Jewellery Shop.
  8932 | D:10     | Found Okyufil's Magic Scroll Shop.
  8940 | D:10     | Bought a scroll of immolation for 56 gold pieces
  8940 | D:10     | Bought a scroll of noise for 14 gold pieces
  8940 | D:10     | Bought a scroll of identify for 28 gold pieces
  9170 | D:11     | Noticed a two-headed ogre
  9180 | D:11     | Killed a two-headed ogre
  9276 | D:11     | Noticed a purple ugly thing
  9284 | D:11     | Found a staircase to the Orcish Mines.
  9299 | D:11     | Killed a purple ugly thing
  9384 | D:11     | Noticed a two-headed ogre
  9398 | D:11     | Killed a two-headed ogre
 10270 | D:12     | Reached XP level 12. HP: 110/113 MP: 11/11
 10611 | D:12     | Noticed a boulder beetle
 10628 | D:12     | Killed a boulder beetle
 11633 | D:13     | Noticed a boulder beetle
 11676 | D:13     | Killed a boulder beetle
 11686 | D:13     | Reached ****** piety under Qazlal
 11876 | Lair:1   | Entered Level 1 of the Lair of Beasts
 11891 | Lair:1   | Noticed a seven-headed hydra
 11910 | Lair:1   | Killed a 12-headed hydra
 12827 | Lair:1   | Identified a scroll of acquirement
 12849 | Lair:2   | Noticed a five-headed hydra
 12862 | Lair:2   | Killed a seven-headed hydra
 12866 | Lair:2   | Reached XP level 13. HP: 40/123 MP: 8/12
 13065 | Orc:1    | Entered Level 1 of the Orcish Mines
 13226 | Orc:2    | Entered Level 2 of the Orcish Mines
 13226 | Orc:2    | Found a staircase to the Elven Halls.
 13458 | Orc:2    | Found a runed translucent gate.
 13458 | Orc:2    | Found a runed translucent gate.
 13459 | Orc:2    | Identified the +2 ring mail of Life {Str+4}
 13460 | Orc:2    | Noticed Scuka's ghost (journeyman MiBe)
 13461 | Orc:2    | Identified the +2 mace of Defiance {protect, rC+ rN+ Dex-4}
 13551 | Orc:2    | Found a runed translucent gate.
 13898 | Orc:2    | Found Hidax's Antique Weapon Boutique.
 13898 | Orc:2    | Found Xeirchusm's General Store.
 13900 | Orc:2    | Found Kiraam's Antique Armour Shoppe.
 13902 | Orc:2    | Found Daines's Book Shop.
 14411 | Orc:1    | Found Boutazxe's Magic Scroll Emporium.
 14416 | Orc:1    | Bought a scroll of teleportation for 45 gold pieces
 14416 | Orc:1    | Bought a scroll of fog for 60 gold pieces
 14416 | Orc:1    | Bought a scroll of fear for 60 gold pieces
 14416 | Orc:1    | Bought a scroll of vulnerability for 60 gold pieces
 14416 | Orc:1    | Bought a scroll of identify for 30 gold pieces
 14416 | Orc:1    | Bought a scroll of enchant weapon for 112 gold pieces
 14416 | Orc:1    | Bought a scroll of brand weapon for 142 gold pieces
 14710 | Lair:2   | Reached skill level 15 in Fighting
 14794 | Lair:2   | Reached skill level 15 in Axes
 14851 | Lair:2   | Found a staircase to the Swamp.
 14925 | Lair:2   | Found a staircase to the Snake Pit.
 15457 | Lair:3   | Noticed Rupert
 15483 | Lair:3   | Killed Rupert
 15484 | Lair:3   | Reached skill level 1 in Invocations
 15610 | Lair:3   | Reached XP level 14. HP: 96/135 MP: 12/14
 15737 | Lair:3   | Identified the +1 leather armour of Vexation {MP+9}
 16326 | Lair:3   | Got the Octavo of Misty Terra Firma
 16337 | Lair:3   | Identified the +1 leather armour of the Imp {rPois Str+2}
 16571 | Lair:4   | Found a staircase to the Slime Pits.
 16573 | Lair:4   | Found a viscous altar of Jiyva.
 16623 | Lair:4   | Reached skill level 5 in Invocations
 17175 | Lair:5   | Entered Level 5 of the Lair of Beasts
 17175 | Lair:5   | Found an ancient bone altar of Kikubaaqudgha.
 17191 | Lair:5   | Reached skill level 1 in Armour
 17326 | Lair:5   | Reached skill level 15 in Shields
 17436 | Lair:5   | Found a runed translucent door.
 17456 | Lair:5   | Reached XP level 15. HP: 132/144 MP: 17/19
 18722 | D:14     | Reached skill level 15 in Dodging
 18894 | D:14     | Found a gate to the Vaults.
 19071 | D:15     | Entered Level 15 of the Dungeon
 19071 | D:15     | Noticed Agnes
 19080 | D:15     | Killed Agnes
 19441 | D:15     | Reached skill level 5 in Armour
 19522 | D:15     | Found a shimmering altar of Xom.
 19726 | D:15     | Noticed Roxanne
 20017 | D:15     | Found a staircase to the Depths.
 20184 | D:15     | Killed Roxanne
 20326 | Elf:1    | Entered Level 1 of the Elven Halls
 20344 | Elf:1    | Reached XP level 16. HP: 135/154 MP: 21/21
 20508 | Elf:1    | Found Nivotek's Armour Emporium.
 20662 | Elf:1    | Found Ule Palu's Self-Improvement Boutique.
 20673 | Elf:1    | Found Serei's General Store.
 20678 | Elf:1    | Identified the +0 ring mail "Giogeice" {Contam Dex+7}
 20707 | Elf:1    | Reached skill level 10 in Invocations
 20914 | Elf:1    | Found Edewero's Antique Armour Emporium.
 21262 | Elf:1    | You fall into a shaft and drop 1 floor!
 21451 | Elf:2    | Found a frozen archway.
 21471 | IceCv    | Entered an ice cave
 21944 | IceCv    | Reached XP level 17. HP: 163/163 MP: 24/24
 22044 | IceCv    | Noticed an Ice Fiend
 22055 | IceCv    | Killed an Ice Fiend
 22422 | Elf:2    | Found Byxkaorph's Book Boutique.
 22428 | Elf:2    | Found Faasaw's Jewellery Emporium.
 22429 | Elf:2    | Found Vaicewapp's Book Boutique.
 22437 | Elf:2    | Bought the amulet of Day {Faith Drain rElec rC++ Regen+}
                  | for 1186 gold pieces
 22437 | Elf:2    | Acquired 733 gold pieces
 22642 | Elf:2    | Found a huge runed translucent gate.
 22642 | Elf:2    | Found a huge runed translucent gate.
 22642 | Elf:2    | Found a huge runed translucent gate.
 22642 | Elf:2    | Found a huge runed translucent gate.
 22643 | Elf:2    | Found a huge runed translucent gate.
 23020 | Elf:3    | Entered Level 3 of the Elven Halls
 23031 | Elf:3    | Noticed a deep elf blademaster
 23038 | Elf:3    | Killed a deep elf blademaster
 23054 | Elf:3    | Noticed a deep elf blademaster
 23061 | Elf:3    | Noticed a deep elf master archer
 23221 | Elf:2    | Killed a deep elf blademaster
 23295 | Elf:3    | Noticed a deep elf master archer
 23322 | Elf:2    | Killed a deep elf master archer
 23366 | Elf:3    | Killed a deep elf master archer
 23374 | Elf:3    | Noticed an Ice Fiend
 23376 | Elf:3    | Identified the +5 morningstar of Roseiqo {flame, rElec}
 23383 | Elf:2    | Killed a ghostly deep elf master archer
 23563 | Elf:3    | Identified the +9 dagger of Impatience {freeze, Dex+3}
 23566 | Elf:3    | Identified the +5 glaive "Henliyj" {flame, rPois rCorr
                  | Int+2}
 23570 | Elf:3    | Identified the ring "Wiephorgh" {Fire rElec rN+++ Str-2
                  | SInv}
 23680 | Elf:3    | Got the Elucidation of Points
 23682 | Elf:3    | Got the Grimoire of Duck's Teeth
 23741 | Elf:3    | Identified the +5 dire flail of a Billion Souls {spect,
                  | rElec}
 23743 | Elf:3    | Got the Exposition on Kinetic Energy and Enchantment
 24118 | Elf:3    | Identified the +4 scale mail of Parts Unknown {rPois Will-
                  | Int+2 Dex+3}
 24151 | Elf:3    | Identified the ring "Purif" {Ice rElec rN+ Int-4}
 24191 | Elf:3    | Identified the +9 orcbow "Afuzad" {heavy, rC+ Dex+3}
 24662 | Elf:2    | Noticed a deep elf blademaster
 24672 | Elf:2    | Killed a deep elf blademaster
 25646 | D:10     | Bought a ring of poison resistance for 200 gold pieces
 25755 | Snake:1  | Entered Level 1 of the Snake Pit
 25834 | Snake:1  | Found Couczesi's Antique Armour Emporium.
 25838 | Snake:1  | Found Guidgh Zeub's Jewellery Shoppe.
 25839 | Snake:1  | Found Recofyse's Book Emporium.
 25878 | Snake:1  | Found a flickering gateway to a bazaar.
 25879 | Snake:1  | Reached XP level 18. HP: 173/173 MP: 26/26
 25914 | Bazaar   | Entered a bazaar
 25928 | Bazaar   | Found Heak's Jewellery Shoppe.
 25928 | Bazaar   | Found Gukligg's Weapon Emporium.
 25950 | Bazaar   | Found Mumed's Antique Armour Shoppe.
 25950 | Bazaar   | Found Baluil's Assorted Antiques.
 25961 | Bazaar   | Bought a scroll of teleportation for 75 gold pieces
 25972 | Bazaar   | Found Guomikk's Assorted Antiques.
 25977 | Bazaar   | Bought a potion of heal wounds for 125 gold pieces
 26279 | Snake:1  | Reached skill level 10 in Armour
 27168 | Snake:2  | Found a transporter.
 27181 | Snake:2  | Found a transporter.
 27187 | Snake:2  | Noticed Armakuni's ghost (adept GnCj)
 27849 | Snake:2  | Killed Armakuni's ghost
 27876 | Snake:2  | Identified the amulet of Butiguel {Regen+ Dex+2}
 27879 | Snake:2  | Identified the amulet of Zomimuve {Regen+ Dex+3}
 27992 | Snake:3  | Noticed Saint Roka
 28010 | Snake:3  | Killed Saint Roka
 28252 | Snake:3  | Identified the +0 kite shield of Fuwyv {-Cast rPois rN+
                  | Str+5 Stlth+}
 28252 | Snake:3  | Noticed Donald
 28263 | Snake:3  | Killed Donald
 28298 | Snake:3  | Identified the serpent talisman of the Pear {Will+ SInv}
 28298 | Snake:3  | Noticed Aizul
 28308 | Snake:3  | Killed Aizul
 28326 | Snake:3  | Found a runed translucent door.
 28331 | Snake:3  | Noticed Unotosimoa's ghost (adept GrFi)
 28690 | Snake:3  | Killed Unotosimoa's ghost
 28707 | Snake:3  | Identified the +8 war axe of Turicowk {freeze, rElec Int+3}
 28712 | Snake:3  | Reached XP level 19. HP: 181/181 MP: 28/28
 28742 | Snake:4  | Entered Level 4 of the Snake Pit
 29251 | Snake:4  | Found Aseidef's Weapon Boutique.
 29401 | Snake:4  | Reached XP level 20. HP: 179/191 MP: 29/29
 29426 | Snake:4  | Got a serpentine rune of Zot
 29781 | Swamp:1  | Entered Level 1 of the Swamp
 29860 | Swamp:1  | Reached skill level 15 in Invocations
 29981 | Swamp:1  | Identified the +1 leather armour "Leinnim" {+Inv rElec rF++
                  | Dex-3}
 30285 | Swamp:2  | Found an ornate altar of the Wu Jian Council.
 30320 | Swamp:2  | Noticed Jorgrun
 30323 | Swamp:2  | Found a runed translucent gate.
 30323 | Swamp:2  | Found a runed translucent gate.
 30323 | Swamp:2  | Found a runed translucent gate.
 30333 | Swamp:2  | Killed Jorgrun
 30672 | Swamp:2  | Noticed Gokhumny's ghost (adept GnFi)
 30693 | Swamp:2  | Noticed Kirke
 30697 | Swamp:2  | Killed Kirke
 31167 | Swamp:2  | Killed Gokhumny's ghost
 31409 | Swamp:3  | Noticed Mlioglotl
 31418 | Swamp:3  | Killed Mlioglotl
 31423 | Swamp:3  | Identified the +1 ring mail of Filth {Str+2}
 31871 | Swamp:4  | Entered Level 4 of the Swamp
 31872 | Swamp:4  | Noticed Mara
 31891 | Swamp:4  | Noticed Anon1729's illusion
 32071 | Swamp:4  | Killed Mara
 32160 | Swamp:4  | Got a decaying rune of Zot
 32172 | Swamp:4  | Noticed Nikola
 32182 | Swamp:4  | Killed Nikola
 32721 | Slime:1  | Entered Level 1 of the Pits of Slime
 32820 | Slime:1  | Gained mutation: Potions are less effective at restoring
                  | your health. [a shining eye]
 33208 | Slime:2  | Reached XP level 21. HP: 201/201 MP: 32/32
 33780 | Slime:2  | Gained mutation: Your body sometimes deteriorates upon
                  | taking damage. [a shining eye]
 33786 | Slime:2  | Gained mutation: Your natural rate of healing is unusually
                  | fast. [a shining eye]
 34241 | Slime:5  | Entered Level 5 of the Pits of Slime
 34243 | Slime:5  | Gained mutation: You are frail. (-10% HP) [a shining eye]
 34280 | Slime:5  | Lost mutation: Your natural rate of healing is unusually
                  | fast. [potion of mutation]
 34280 | Slime:5  | Lost mutation: You are frail. (-10% HP) [potion of
                  | mutation]
 34280 | Slime:5  | Lost mutation: Your body sometimes deteriorates upon taking
                  | damage. [potion of mutation]
 34280 | Slime:5  | Gained mutation: You have a pair of large horns on your
                  | head. [potion of mutation]
 34280 | Slime:5  | Gained mutation: You are resistant to electric shocks.
                  | (rElec) [potion of mutation]
 34281 | Slime:5  | Lost mutation: Potions are less effective at restoring your
                  | health. [potion of mutation]
 34281 | Slime:5  | Lost mutation: You have a pair of large horns on your head.
                  | [potion of mutation]
 34281 | Slime:5  | Gained mutation: You are weak. (Str -2) [potion of
                  | mutation]
 34281 | Slime:5  | Gained mutation: You are frail. (-10% HP) [potion of
                  | mutation]
 34281 | Slime:5  | Gained mutation: Your system is resistant to poisons.
                  | (rPois) [potion of mutation]
 34460 | Slime:5  | Gained mutation: You are dopey. (Int -2) [a shining eye]
 34463 | Slime:5  | Gained mutation: You do not regenerate when monsters are
                  | visible. [a shining eye]
 34515 | Slime:5  | Lost mutation: You are dopey. (Int -2) [potion of mutation]
 34515 | Slime:5  | Lost mutation: You are weak. (Str -2) [potion of mutation]
 34515 | Slime:5  | Lost mutation: You are frail. (-10% HP) [potion of
                  | mutation]
 34515 | Slime:5  | Lost mutation: You are resistant to electric shocks.
                  | (rElec) [potion of mutation]
 34515 | Slime:5  | Gained mutation: Your muscles are strong. (Str +4, Int/Dex
                  | -1) [potion of mutation]
 34515 | Slime:5  | Gained mutation: You have a pair of large horns on your
                  | head. [potion of mutation]
 34870 | Slime:5  | Noticed the Royal Jelly
 34888 | Slime:5  | Found a viscous altar of Jiyva.
 35113 | Slime:3  | Lost mutation: Your system is resistant to poisons. (rPois)
                  | [potion of mutation]
 35113 | Slime:3  | Lost mutation: You have a pair of large horns on your head.
                  | [potion of mutation]
 35113 | Slime:3  | Gained mutation: You are frail. (-10% HP) [potion of
                  | mutation]
 35114 | Slime:3  | Lost mutation: Your muscles are strong. (Str +4, Int/Dex
                  | -1) [potion of mutation]
 35114 | Slime:3  | Lost mutation: You are frail. (-10% HP) [potion of
                  | mutation]
 35114 | Slime:3  | Lost mutation: You do not regenerate when monsters are
                  | visible. [potion of mutation]
 35114 | Slime:3  | Gained mutation: Your magical capacity is low. (-10% MP)
                  | [potion of mutation]
 35114 | Slime:3  | Gained mutation: Your spells are a little harder to cast,
                  | but a little more powerful. [potion of mutation]
 35232 | Slime:5  | Found the +7 captain's cutlass {speed, disarm}
 35271 | Slime:5  | Killed the Royal Jelly
 35277 | Slime:5  | Identified the ring of Oholuxirch {rF+ Str+4 Int-2}
 35385 | Slime:5  | Identified the +9 dagger "Undertaker" {venom, *Corrode
                  | rPois Str+4}
 35426 | Slime:5  | Got a slimy rune of Zot
 35483 | Slime:5  | Got the Book of Damaging Ill Luck
 35494 | Slime:5  | Identified the ring "Qopuh" {Wiz Int+7 Dex-3 Stlth+}
 35513 | Slime:5  | Got the Atlas of the Chilly Excursion
 36260 | Vaults:1 | Entered Level 1 of the Vaults
 36312 | Vaults:1 | Found Vuupnot's Distillery.
 36321 | Vaults:1 | Bought 2 potions of haste for 280 gold pieces
 36321 | Vaults:1 | Bought a potion of curing for 42 gold pieces
 36321 | Vaults:1 | Bought a potion of haste for 140 gold pieces
 36321 | Vaults:1 | Bought a potion of brilliance for 56 gold pieces
 36321 | Vaults:1 | Bought a potion of cancellation for 112 gold pieces
 36432 | Vaults:1 | Identified the amulet of the Evil One {Reflect rPois Dex+4
                  | SH+5}
 36672 | Vaults:1 | Reached XP level 22. HP: 211/211 MP: 30/30
 37535 | Vaults:2 | Noticed Margery
 37551 | Vaults:2 | Killed Margery
 37660 | Vaults:2 | Found Nulisch's Assorted Antiques.
 37806 | Vaults:2 | Found Vinourph's Magic Scroll Shop.
 37814 | Vaults:2 | Bought a scroll of teleportation for 48 gold pieces
 37814 | Vaults:2 | Bought 2 scrolls of teleportation for 96 gold pieces
 37814 | Vaults:2 | Bought a scroll of silence for 152 gold pieces
 37814 | Vaults:2 | Bought a scroll of teleportation for 48 gold pieces
 37814 | Vaults:2 | Bought a scroll of enchant armour for 120 gold pieces
 37814 | Vaults:2 | Bought a scroll of identify for 32 gold pieces
 37814 | Vaults:2 | Bought a scroll of fog for 64 gold pieces
 37888 | Vaults:2 | Found Uwneafoa's Book Shop.
 37915 | Vaults:2 | Found a staircase to the Crypt.
 38845 | Vaults:3 | Found a magical portal.
 38872 | WizLab   | Entered Zonguldrok's Shrine
 39083 | WizLab   | Noticed an antique champion
 39083 | WizLab   | Noticed an antique champion
 39091 | WizLab   | Killed an antique champion
 39095 | WizLab   | Killed an antique champion
 39135 | WizLab   | Got the Quarto of the Lettuce
 39137 | WizLab   | Got the Cyclopedia of the Autopsy
 39138 | WizLab   | Identified the +8 plate armour of the Sufficient Slorg {rC+
                  | Str+2 Int+3}
 39170 | WizLab   | Got the Thoughts on the Cemetery
 39454 | Vaults:3 | Reached skill level 15 in Armour
 39702 | Vaults:3 | Identified the +11 glaive "Utray" {heavy, Fly rN++ Will+
                  | Dex-2}
 39786 | Vaults:3 | Got the Essays on Energy and Grit
 39885 | Vaults:3 | Noticed Boris
 39895 | Vaults:3 | Killed Boris
 40588 | Vaults:4 | Reached XP level 23. HP: 221/221 MP: 31/31
 40820 | Vaults:4 | Identified the +3 leather armour of Pan-Flutes {rPois rF+
                  | rN+ Slay+3}
 41329 | Depths:1 | Entered Level 1 of the Depths
 41572 | Depths:1 | Found Nyikhleagg's General Store.
 41573 | Depths:1 | Found Zikh's Book Boutique.
 41573 | Depths:1 | Found Ykanyug's Assorted Antiques.
 41578 | Depths:1 | Found Ynkapaa's Distillery.
 41587 | Depths:1 | Bought 2 potions of curing for 198 gold pieces
 41587 | Depths:1 | Bought a scroll of teleportation for 99 gold pieces
 41587 | Depths:1 | Bought a potion of heal wounds for 165 gold pieces
 41643 | Depths:1 | Found a gateway to Hell.
 41836 | Depths:1 | Found an ornate altar of the Wu Jian Council.
 42383 | Depths:2 | Noticed Boris
 42385 | Depths:2 | Noticed Grunn
 42403 | Depths:2 | Killed Boris
 42412 | Depths:2 | Killed Grunn
 42608 | Depths:2 | Found a one-way gate to the infinite horrors of the Abyss.
 42785 | Depths:2 | Found a one-way gate leading to the halls of Pandemonium.
 43044 | Depths:2 | Identified the amulet "Vesissetiat" {Reflect Int+2 Slay+6
                  | SH+5}
 43067 | Depths:2 | Noticed a juggernaut
 43081 | Depths:2 | Killed a juggernaut
 43451 | Depths:2 | Noticed the Enchantress
 43461 | Depths:2 | Killed the Enchantress
 43825 | Depths:3 | Noticed Xtahua
 43832 | Depths:3 | Reached XP level 24. HP: 191/233 MP: 32/32
 43839 | Depths:3 | Killed Xtahua
 44505 | Depths:3 | Found the +8 longbow "Zephyr" {speed, Dex+3 SInv}
 44601 | Depths:3 | Identified the +8 war axe "Vifialegh" {heavy, rC++ rCorr
                  | Dex+3 SInv}
 44964 | Depths:4 | Entered Level 4 of the Depths
 44976 | Depths:4 | Noticed Louise
 44990 | Depths:4 | Killed Louise
 45022 | Depths:4 | Identified the storm talisman of Urhubb {Dex+4}
 45022 | Depths:4 | Noticed Sojobo
 45036 | Depths:4 | Killed Sojobo
 45318 | Depths:4 | Found a one-way gateway to a ziggurat.
 45356 | Depths:4 | Found a gate to the Realm of Zot.
 45526 | Depths:4 | Found a flickering gateway to a bazaar.
 45531 | Bazaar   | Entered a bazaar
 45552 | Bazaar   | Found Ketiv's Armour Boutique.
 45566 | Bazaar   | Found Gutyvare's Distillery.
 45574 | Bazaar   | Bought a potion of might for 68 gold pieces
 45574 | Bazaar   | Bought a potion of heal wounds for 85 gold pieces
 45574 | Bazaar   | Bought a potion of heal wounds for 85 gold pieces
 45574 | Bazaar   | Bought a potion of mutation for 136 gold pieces
 45574 | Bazaar   | Bought a potion of resistance for 170 gold pieces
 45574 | Bazaar   | Bought a potion of might for 68 gold pieces
 45574 | Bazaar   | Bought a potion of enlightenment for 85 gold pieces
 45594 | Bazaar   | Found Omusyupn's General Store.
 45602 | Bazaar   | Bought a potion of curing for 30 gold pieces
 45608 | Bazaar   | Found Julit's Distillery.
 45616 | Bazaar   | Bought a potion of heal wounds for 80 gold pieces
 45616 | Bazaar   | Bought a potion of enlightenment for 80 gold pieces
 45616 | Bazaar   | Bought a potion of enlightenment for 80 gold pieces
 45616 | Bazaar   | Bought a potion of attraction for 48 gold pieces
 45616 | Bazaar   | Bought a potion of mutation for 128 gold pieces
 45616 | Bazaar   | Bought a potion of ambrosia for 128 gold pieces
 45616 | Bazaar   | Bought a potion of invisibility for 128 gold pieces
 45616 | Bazaar   | Bought 2 potions of magic for 256 gold pieces
 45681 | Bazaar   | Bought a potion of lignification for 30 gold pieces
 45681 | Bazaar   | Bought a scroll of silence for 95 gold pieces
 45909 | Zot:1    | Entered Level 1 of the Realm of Zot
 46242 | Zot:1    | Identified the amulet "Mautios" {Spirit rC+}
 46955 | Zot:1    | Identified the +3 whip "Ydghulap" {protect, rPois}
 47137 | Zot:2    | Noticed a Killer Klown
 47137 | Zot:2    | Noticed a dread lich
 47141 | Zot:2    | Noticed a Killer Klown
 47141 | Zot:2    | Noticed a Killer Klown
 47151 | Zot:2    | a Killer Klown changed into a titan
 47187 | Zot:1    | Killed a dread lich
 47202 | Zot:2    | Killed a Killer Klown
 47207 | Zot:2    | a Killer Klown changed into a shard shrike
 47207 | Zot:2    | Noticed a shard shrike
 47210 | Zot:2    | Killed a shard shrike
 47431 | Zot:2    | Reached XP level 25. HP: 169/243 MP: 32/32
 47733 | Zot:2    | Noticed Parghit
 47770 | Zot:2    | Killed Parghit
 49325 | Zot:3    | Got the Incunabulum of Cadavers
 50252 | Zot:5    | Entered Level 5 of the Realm of Zot
 50425 | Zot:5    | Found a blossoming altar of Fedhas.
 50431 | Zot:5    | Found a shimmering blue altar of Sif Muna.
 50528 | Zot:5    | Found a basalt altar of Yredelemnul.
 50533 | Zot:5    | Found a glowing golden altar of the Shining One.
 50611 | Zot:5    | Noticed a dread lich
 50612 | Zot:5    | Noticed a Killer Klown
 50618 | Zot:5    | Noticed a Killer Klown
 50619 | Zot:5    | Paralysed by a dread lich for 2 turns
 50620 | Zot:5    | Noticed a Killer Klown
 50621 | Zot:5    | Noticed a Killer Klown
 50635 | Zot:5    | Killed a dread lich
 50655 | Zot:5    | Killed a Killer Klown
 50661 | Zot:5    | Killed a Killer Klown
 50665 | Zot:5    | Killed a Killer Klown
 50688 | Zot:5    | Killed a Killer Klown
 50806 | Zot:5    | Noticed an orb of fire
 50822 | Zot:5    | Lost mutation: Your spells are a little harder to cast, but
                  | a little more powerful. [an orb of fire]
 50824 | Zot:5    | Killed an orb of fire
 50837 | Zot:5    | Noticed an orb of fire
 50847 | Zot:5    | Noticed an ancient lich
 50848 | Zot:5    | Noticed a Killer Klown
 50854 | Zot:5    | Killed an orb of fire
 50860 | Zot:5    | Noticed a Killer Klown
 50860 | Zot:5    | Noticed a Killer Klown
 50870 | Zot:5    | Killed a Killer Klown
 50871 | Zot:5    | Reached XP level 26. HP: 152/254 MP: 33/33
 51045 | Zot:5    | Killed an ancient lich
 51460 | Zot:5    | Lost mutation: Your magical capacity is low. (-10% MP)
                  | [potion of mutation]
 51460 | Zot:5    | Gained mutation: Your body sometimes deteriorates upon
                  | taking damage. [potion of mutation]
 51460 | Zot:5    | Gained mutation: Your magical capacity is low. (-10% MP)
                  | [potion of mutation]
 51461 | Zot:5    | Lost mutation: Your magical capacity is low. (-10% MP)
                  | [potion of mutation]
 51461 | Zot:5    | Lost mutation: Your body sometimes deteriorates upon taking
                  | damage. [potion of mutation]
 51461 | Zot:5    | Gained mutation: You are frail. (-10% HP) [potion of
                  | mutation]
 51462 | Zot:5    | Lost mutation: You are frail. (-10% HP) [potion of
                  | mutation]
 51462 | Zot:5    | Gained mutation: You are occasionally teleported next to
                  | monsters. [potion of mutation]
 51462 | Zot:5    | Gained mutation: You are partially covered in iridescent
                  | scales. (AC +2) [potion of mutation]
 51463 | Zot:5    | Lost mutation: You are occasionally teleported next to
                  | monsters. [potion of mutation]
 51463 | Zot:5    | Lost mutation: You are partially covered in iridescent
                  | scales. (AC +2) [potion of mutation]
 51463 | Zot:5    | Gained mutation: Potions are less effective at restoring
                  | your health. [potion of mutation]
 51464 | Zot:5    | Lost mutation: Potions are less effective at restoring your
                  | health. [potion of mutation]
 51464 | Zot:5    | Gained mutation: You are partially covered in iridescent
                  | scales. (AC +2) [potion of mutation]
 51464 | Zot:5    | Gained mutation: You are mostly covered in iridescent
                  | scales. (AC +4) [potion of mutation]
 51948 | Vaults:5 | Entered Level 5 of the Vaults
 52402 | Vaults:5 | Got Buughi's Guidebook on Violent Coordinates
 52648 | Vaults:5 | Got a silver rune of Zot
 52774 | Vaults:5 | Identified the +0 scale mail "Meit" {rC+ rCorr Int+3}
 52808 | Vaults:5 | Identified the +0 ring mail of the Abyss {rC+ rN+ Int+3}
 52875 | Vaults:5 | Identified the +2 leather armour "Leahit" {rCorr Str+7
                  | SInv}
 52911 | Vaults:5 | Noticed an ancient lich
 52918 | Vaults:5 | Killed an ancient lich
 53787 | Zot:5    | Got the Orb of Zot
 53851 | Zot:1    | Noticed Casa the pandemonium lord
 54341 | D:$      | Escaped with the Orb!

Illustrated notes

Levels and vault maps discovered:
D:1:      elethiomel_arrival_quiet, layout_rooms, st_stairs_8
D:2:      kennysheep_big_flooded_room, layout_rooms, serial_rivers,
          chequers_serial_rivers_small_3, chequers_serial_rivers_marsh,
          chequers_serial_rivers_room_a, chequers_serial_rivers_small_a,
          shapermc_ecumenical_altar_gd, basic_altar
D:3:      layout_basic, gammafunk_temple_overflow_pools, minitemple,
          serial_shops, nicolae_shop_advertising_works
          [nicolae_subvault_shop_adworks], reono_crystal_passage,
          amcnicky_mini_pool_small, uniq_grinder, uniq_sigmund
D:4:      layout_rooms, minivault_1
D:5:      minmay_clustersquares, layout_rooms,
          mainiacjoe_overflow_surrounded_room, chequers_ossuary_entry_cave,
          hangedman_abyss_or_decor_lesser_grid
D:6:      minmay_recursive_quarters, layout_basic, minmay_temple_entry_wispy,
          uniq_crazy_yiuf_cottage, uniq_menkaure
D:7:      layout_basic
D:8:      layout_loops_ring, okawaru_ov_weapons_minmay, evilmike_ruin_ashenzari,
          moated_statue
D:9:      layout_basic, mainiacjoe_overflow_tiny_flanked, vehumet_crystals
D:10:     layout_roguey, kennysheep_mini, minmay_lair_entry_grove, serial_shops,
          shop, shop, nicolae_shop_tiny_statue_garden, nicolae_shop_behind_doors
D:11:     cheibrodos_helix_gallery, layout_grid_maze,
          kennysheep_orc_monster_closet_entryway
D:12:     layout_gridville
D:13:     layout_roguey, minivault_20
D:14:     layout_cross, skrybe_vaults_entry_preservation
D:15:     gammafunk_enter_depths_forms, layout_small_grid, xom_teletrap_fun,
          uniq_roxanne, uniq_agnes
Temple:   nicolae_temple_little_seven
Lair:1:   wad_woods_minihive, layout_hall_layers, beast_lair_carwin_3
Lair:2:   layout_small_grid, minmay_swamp_entry_wisps, dummy_snake_entry,
          nicolae_volcano_entry_hallway, lemuel_fruit_tree, lemuel_fruit_fields
Lair:3:   layout_long_grid, cheibrodos_lair_caveside_slide,
          minmay_lindwurm_lava, uniq_rupert
Lair:4:   layout_roguey [special_room_mythical_zoo],
          nicolae_slime_entry_slimehenge, grunt_megastairs_3,
          serial_bayou_shore_b
Lair:5:   wormcave, layout_hall_layers, guppyfry_lair_end_dragon, basic_altar,
          small_statue_intersection, dpeg_oklob_1
Swamp:1:  layout_basic_swamp, infiniplex_staircase_pool,
          nicolae_swamp_decorative_isthmus
Swamp:2:  layout_basic_swamp, gammafunk_ghost_hydra_chop,
          lemuel_altar_in_water2, nicolae_swamp_stuck_in_the_mud, swamp_pool_3,
          uniq_kirke, uniq_jorgrun
Swamp:3:  layout_falls_marsh, hangedman_swamp_lotus, uniq_mlioglotl
Swamp:4:  swamp_alternative, layout_basic_swamp, uniq_mara, uniq_nikola
Snake:1:  layout_chambers, serial_shops, bzr_in_the_mist, serial_bayou_shore_a,
          minmay_shop_star
Snake:2:  layout_concentric_octagons, gammafunk_ghost_berserking_beasts
Snake:3:  layout_misc_corridors, ebering_ghost_reflecting_pool, uniq_aizul,
          uniq_donald, uniq_saint_roka
Snake:4:  grunt_snake_rune_spirals, layout_onion, serial_shops,
          nicolae_shop_bloodbath_and_beyond, nicolae_snake_omega
Slime:1:  layout_caves, nicolae_slime_phagocytosis
Slime:2:  layout_caves, special_room [special_room_jelly]
Slime:3:  layout_caves, basic_altar
Slime:4:  layout_caves
Slime:5:  slime_pit_nicolae_amoeboid
Orc:1:    layout_diamond_mine, serial_shops, shop
Orc:2:    st_orc_rangers, layout_caves, biasface_ghost_orc_armoury,
          nicolae_orc_pool_cavern, dreamdust_deal_with_the_devil,
          nicolae_orc_lava_room
Elf:1:    eino_elf_arrival_shootout, layout_geoelf_octagon, serial_shops, shop,
          nicolae_shop_dealshenge, shop_coins, minivault_28,
          nicolae_shop_self_help
Elf:2:    elven_hall_of_blades_hangedman_alternative
          [nicolae_blade_little_rooms], layout_loops_cross,
          portal_ice_cave_entry_pillars_2, nicolae_elevator_lobby_asterisk,
          minmay_shop_grove
Elf:3:    grunt_elf_hall_diamonds, layout_geoelf_octagon
Vaults:1: nicolae_vaults_tetromino_Z_2, vaults_room_hallway,
          hangedman_vaults_nails, kennysheep_ogre_elephant_herders,
          v_alt_pattern_3, v_misc_31, v_misc_12, vaults_room_fancy_cross,
          vaults_room_pools, nicolae_vaults_three_branches,
          nicolae_vaults_double_plus_2, layout_vaults_omnigrid, serial_shops,
          shop
Vaults:2: hangedman_vaults_stagger, v_rooms_6, vaults_standard_mumra_x,
          v_misc_24, nicolae_vaults_door_testing_chamber,
          vaults_room_fancy_cross, nicolae_vaults_asterisk,
          vaults_room_stairs_pillars, layout_vaults_chaotic_city, serial_shops,
          shop, shop, shop, uniq_margery
Vaults:3: mu_enter_wizlab_6, hangedman_vaults_hat,
          nicolae_vaults_shrinking_rooms_1, nicolae_vaults_asterisk,
          nicolae_vaults_alarming, st_star, ontoclasm_vaults_fault,
          nicolae_vaults_weapon_check, vaults_mumra_hex, vaults_room_pool,
          nicolae_vaults_two_Ls, nicolae_vaults_tetromino_T_2,
          nicolae_vaults_doubleplus_tesselated,
          nicolae_vaults_trapezoid_lopsided_3, layout_vaults_ring, uniq_boris
Vaults:4: nicolae_vaults_corridor_and_loot_room, vaults_room_boxed,
          ontoclasm_vaults_ligature, nicolae_vaults_steering_wheel,
          ontoclasm_vaults_eye, vaults_room_pools,
          nicolae_vaults_little_squares_3, hangedman_vaults_slice,
          nicolae_vaults_closet_pinwheel_4, nicolae_vaults_layer_cake_slice,
          vaults_room_pools, layout_vaults_big_cross
Vaults:5: serial_shops
Depths:1: layout_gridlike, hell_entry, hangedman_glass_teeth,
          pdpol_wu_jian_five_deadly_venoms, minmay_shoptagon, grunt_megastairs_5
Depths:2: minmay_the_grid_square_5x5_4x4 [minmay_the_grid_square_5x5_v,
          minmay_the_grid_square_5x5_three_small,
          minmay_the_grid_square_5x5_minivault,
          minmay_the_grid_square_5x5_checkered_sparse,
          minmay_the_grid_square_5x5_trominoes,
          minmay_the_grid_square_5x5_prize_open,
          minmay_the_grid_square_5x5_prize_open,
          minmay_the_grid_square_5x5_spiral_small,
          minmay_the_grid_square_5x5_plus,
          minmay_the_grid_square_5x5_prize_snowflake,
          minmay_the_grid_square_5x5_prize_monsterx,
          minmay_the_grid_square_5x5_misaligned,
          minmay_the_grid_square_5x5_bracketed,
          minmay_the_grid_square_5x5_two_walls_a,
          minmay_the_grid_square_5x5_one_wall,
          minmay_the_grid_square_5x5_inner_v], layout_small_grid,
          serial_sigils_hangedman_gnaw, grunt_mini_vestibule,
          rand_demon_pan_entry_3, abyss_entry_small_statue_room,
          infiniplex_staircase_trident, uniq_grunn, uniq_enchantress
Depths:3: evilmike_diamond_1, layout_basic, abyss_entry,
          grunt_hell_entry_dis_mu, serial_library_hellmonk_room_c,
          lemuel_flame_loot_1, uniq_xtahua
Depths:4: grunt_crosshair, layout_cave_pools, enter_ziggurat_c, hell_entry,
          rand_demon_pan_entry_1, hex_tiny, serial_shops, bzr_entry_road,
          nicolae_abyss_entry_one_way_or_another, serial_bayou_shore_b,
          uniq_sojobo
Zot:1:    layout_cathedral_of_symmetry, st_stairs_14
Zot:2:    ebering_klown_carousel, layout_basic, skrybe_zot_glass_3, uniq_parghit
Zot:3:    layout_gridlike, skrybe_zot_glass_2, grunt_megastairs_2
Zot:4:    layout_gridville
Zot:5:    layout_misc_corridors, regret_index_zotdec_zees, st_stairs_6

Skill      XL: |  1  2  3  4  5  6  7  8  9 10 11 12 13 14 15 16 17 18 19 20 21 22 23 24 25 26 |
---------------+-------------------------------------------------------------------------------+-----
Fighting       | 4 5 6 7 8 9 11 12 13 15 16 17 18 19 20 21 22 23 24 | 24.6
Axes           | 4 5 6 7 8 9 11 12 13 15 16 17 18 19 20 21 22 23 24 | 24.5
Dodging        | 4 5 6 7 8 10 11 12 14 15 16 17 18 19 20 21 22 | 22.3
Shields        | 2 4 5 7 9 11 12 14 15 16 17 18 19 20 21 22 23 | 23.6
Invocations    | 1 6 9 11 12 14 16 17 18 19 21 22 23 | 23.2
Armour         | 2 6 8 9 11 12 14 15 16 17 18 19 | 19.4

Action                     |  1- 3 |  4- 6 |  7- 9 | 10-12 | 13-15 | 16-18 | 19-21 | 22-24 | 25-27 || total
---------------------------+-------+-------+-------+-------+-------+-------+-------+-------+-------++-------
  Melee: Hand axe          |    65 |   109 |   375 |   670 |       |       |       |       |       ||  1219
         Headbutt          |     7 |    26 |   124 |   210 |   276 |   302 |   265 |   437 |   263 ||  1910
         Broad axe         |       |       |       |     7 |   838 |   940 |   779 |  1244 |   692 ||  4500
 Invoke: Upheaval          |       |       |     5 |     5 |     5 |     2 |     1 |     2 |       ||    20
         Disaster Area     |       |       |       |       |     1 |     1 |     7 |     6 |     1 ||    16
         Elemental Force   |       |       |       |       |       |       |       |     2 |       ||     2
  Evoke: Wand              |       |       |       |     6 |     3 |       |       |       |       ||     9
         Lightning rod     |       |       |       |       |     3 |     2 |       |     4 |       ||     9
         Condenser vane    |       |       |       |       |       |       |       |       |     1 ||     1
    Use: Scroll            |       |       |     4 |    11 |    15 |    14 |     7 |     3 |    11 ||    65
         Potion            |       |       |     1 |     1 |     4 |     6 |    15 |     2 |    17 ||    46
   Stab: Distracted        |       |       |       |       |       |    10 |    33 |    45 |    23 ||   111
         Paralysed         |       |       |       |       |       |       |       |     5 |       ||     5
         Petrified         |       |       |       |       |       |       |       |     8 |       ||     8
 Armour: Robe              |    16 |       |       |       |       |       |       |       |       ||    16
         Acid dragon scale |    16 |    12 |       |       |       |       |       |       |       ||    28
         Plate armour      |       |    71 |   228 |    96 |       |       |       |       |       ||   395
         Chain mail        |       |       |       |   261 |   532 |   396 |   292 |   180 |   168 ||  1829
         Skin              |       |       |       |       |       |       |     4 |       |       ||     4
  Dodge: Dodged            |    27 |    33 |   154 |   551 |   984 |   562 |   271 |   201 |   128 ||  2911
         Repelled          |       |       |     1 |     5 |    16 |    27 |    21 |    19 |    11 ||   100
  Block: Tower shield      |       |       |       |       |       |   348 |   822 |  1124 |   776 ||  3070
         Reflection        |       |       |       |       |       |    48 |    78 |    74 |    33 ||   233

Table legend: (Time is in decaauts)
 A = Elapsed time spent in this place.
 B = Non-inter-level travel time spent in this place.
 C = Inter-level travel time spent in this place.
 D = Time resting spent in this place.
 E = Time spent auto-exploring this place.
 F = Levels seen in this place.
 G = Mean time per level.
                   A        B        C        D        E       F      G
               +--------+--------+--------+--------+--------+-----+--------+
         Total |  53174 |  48068 |   5106 |   2638 |  34644 |  58 |  916.8 |
       Dungeon |  13835 |  11974 |   1861 |    608 |   8991 |  15 |  922.3 |
        Temple |    139 |    139 |      0 |    137 |      0 |   1 |  139.0 |
          Lair |   5348 |   4631 |    717 |    251 |   3134 |   5 | 1069.6 |
         Swamp |   2819 |   2611 |    208 |    325 |   1818 |   4 |  704.8 |
     Snake Pit |   3823 |   3571 |    252 |      0 |   2681 |   4 |  955.8 |
    Slime Pits |   3170 |   2907 |    263 |    304 |   1933 |   5 |  634.0 |
  Orcish Mines |   1466 |   1273 |    193 |      0 |   1042 |   2 |  733.0 |
   Elven Halls |   4135 |   3858 |    277 |    395 |   2563 |   3 | 1378.3 |
        Vaults |   5992 |   5548 |    444 |    192 |   4207 |   5 | 1198.4 |
        Depths |   4445 |   4103 |    342 |     28 |   3130 |   4 | 1111.2 |
           Zot |   5922 |   5377 |    545 |    339 |   4011 |   5 | 1184.4 |
        Bazaar |    306 |    306 |      0 |      0 |    176 |   2 |  153.0 |
       Ossuary |    402 |    402 |      0 |      0 |    236 |   1 |  402.0 |
      Ice Cave |    903 |    903 |      0 |     58 |    604 |   1 |  903.0 |
        Wizlab |    463 |    463 |      0 |      0 |    116 |   1 |  463.0 |
               +--------+--------+--------+--------+--------+-----+--------+

Top non-repeatable levels by time:
   Elf:2: 2290 daAuts
   Zot:2: 1548 daAuts
   Zot:1: 1382 daAuts
Depths:2: 1376 daAuts
   Zot:5: 1341 daAuts
    D:11: 1325 daAuts
Vaults:1: 1296 daAuts
 Snake:1: 1281 daAuts
Vaults:2: 1267 daAuts
  Lair:1: 1264 daAuts
Depths:3: 1251 daAuts
Vaults:5: 1244 daAuts
 Slime:5: 1239 daAuts
  Lair:5: 1227 daAuts
Vaults:4: 1144 daAuts
